 Dungeon Crawl Stone Soup version 0.27-a0-1137-g3ef0f4ec91 (webtiles) character file.

Game seed: 5704679045336883056

58 robertstho the Firebug (level 4, -4/27 HPs)
             Began as an Octopode Fire Elementalist on May 6, 2021.
             Slain by Terence
             ... wielding a +0 mace
              (11 damage)
             ... on level 2 of the Dungeon.
             The game lasted 00:02:48 (2473 turns).

robertstho the Firebug (Octopode Fire Elementalist) Turns: 2473, Time: 00:02:49

Health: -4/27      AC:  1    Str:  5 (7)  XL:     4   Next: 1%
Magic:  1/7        EV: 13    Int: 15 (18) God:
Gold:   57         SH:  0    Dex: 10 (12) Spells: 7/8 levels left

rFire    + + .     SeeInvis .   (no weapon)
rCold    + . .     Faith    .   (no shield)
rNeg     . . .     Spirit   .   (helmet restricted)
rPois    +         Reflect  .   (no amulet)
rElec    +         Harm     .   (no ring)
rCorr    +         Rampage  .   (no ring)
Will     .....     Rnd*Rage +   (no ring)
Stlth    +++.......             (no ring)
HPRegen  0.09/turn              (no ring)
MPRegen  0.10/turn              (no ring)
                                (no ring)
                                (no ring)

@: resistant
A: almost no armour, amphibious, 8 rings, camouflage 1, gelatinous body 1,
(nimble swimmer 1), tentacles, berserk 1, fire resistance 1, MP-powered wands
a: no special abilities


You were on level 2 of the Dungeon.
You visited 1 branch of the dungeon, and saw 2 of its levels.

You collected 57 gold pieces.

Inventory:

Jewellery
 d - a ring of magical power
Scrolls
 a - a scroll of teleportation
 f - a scroll of summoning {unknown}
 g - 2 scrolls of acquirement {unknown}
Potions
 c - a potion of cancellation


   Skills:
 + Level 2.0 Dodging
 * Level 3.6 Stealth
 * Level 2.5 Spellcasting
 * Level 1.7 Conjurations
 * Level 3.7 Fire Magic


You had 7 spell levels left.
You knew the following spells:

 Your Spells              Type           Power      Damage    Failure   Level
a - Foxfire               Conj/Fire      40%        2x1d6     7%          1

Your spell library contained the following spells:

 Spells                   Type           Power      Damage    Failure   Level
 Conjure Flame            Conj/Fire      10%        6-21      21%         3
 Inner Flame              Hex/Fire       7%         N/A       30%         3
 Sticky Flame             Conj/Fire      10%        2d3       56%         4
 Fireball                 Conj/Fire      5%         3d5       88%         5


Dungeon Overview and Level Annotations

Branches:
Dungeon (2/15)

Altars:

Annotations:
D:2 Terence


Innate Abilities, Weirdness & Mutations

You cannot wear most types of armour.
You are amphibious.
You can wear up to eight rings at the same time.
Your skin changes colour to match your surroundings (Stealth+).
Your rubbery body absorbs attacks. (AC +1, EV +1)
((You are camouflaged near water. (Stealth+)))
You have tentacles for arms and can constrict up to eight enemies at once.
You tend to lose your temper in combat.
Your flesh is heat resistant. (rF+)
You expend magic power (3 MP) to strengthen your wands.


Message History

The foxfire hits Terence but does no damage.
Terence is heavily wounded.
Casting: Foxfire (safe; 5% risk of failure)
Press: ? - help, Q - select action Dir - look around, f - activate You conjure some foxfire!
Terence misses you.
The foxfire hits Terence but does no damage.
Terence is heavily wounded.
The foxfire hits Terence but does no damage.
Terence is heavily wounded.
Terence hits you with a +0 mace!
Unknown command.
You tentacle-slap Terence but do no damage.
Your grab misses Terence.
Terence is heavily wounded.
Terence hits you with a +0 mace.
Casting: Foxfire (safe; 5% risk of failure)
Press: ? - help, Q - select action Dir - look around, f - activate You conjure some foxfire!
Terence misses you.
The foxfire hits Terence but does no damage.
Terence is heavily wounded.
The foxfire hits Terence but does no damage.
Terence is heavily wounded.
Terence hits you with a +0 mace.
It was a potion of cancellation.
You feel magically purged. Terence hits you with a +0 mace.
It was a potion of mutation.
You feel extremely strange.
You feel your magical essence link to the dungeon's wands.
You feel a little pissed off.
You feel resistant to heat. Terence hits you with a +0 mace.
* * * LOW HITPOINT WARNING * * *
It was a potion of resistance.
You feel protected. Terence closely misses you.
It was a potion of degeneration.
There was something very wrong with that liquid.
You feel weakened.
You feel dopey.
You feel clumsy. Terence hits you with a +0 mace!
You die...

#.# #### #. .# #.#.# ..# ...
#.#.#.#.#.# #.# ..
#.#.#.#v#.###### .. ..
#.#.#.#§#......# #. ##.
#.#.#.#§######.# #. #.. .#.#.#§#
#.#### ###
#.#########@...#.######'#... ...
#.#........@.#.#.##........#
######.#.########.#.............#
..................#.#...........#
#........##########.####........#
#...............†..†####........#
#................#.....#........#
#..#############.#.....#........#
.........#.......#.....#........#
........##.#######).####........#


You could see Terence.

Vanquished Creatures
  2 adders (D:2)
  A dart slug (D:1)
  3 ball pythons (D:1)
  2 endoplasms (D:1)
  5 giant cockroaches
  5 goblins
  6 hobgoblins
  A frilled lizard (D:1)
  4 kobolds
  5 rats
34 creatures vanquished.

Vanquished Creatures (others)
  134 foxfires
134 creatures vanquished.

Grand Total: 168 creatures vanquished

Notes
Turn   | Place    | Note
-------+----------+-------------------------------------------
     0 | D:1      | robertstho the Octopode Fire Elementalist began the quest
                  | for the Orb.
     0 | D:1      | Reached XP level 1. HP: 11/11 MP: 3/3
   398 | D:1      | Reached XP level 2. HP: 17/17 MP: 1/5
  1511 | D:1      | Reached XP level 3. HP: 21/21 MP: 1/6
  2298 | D:2      | Reached XP level 4. HP: 27/27 MP: 4/7
  2454 | D:2      | Noticed Terence
  2471 | D:2      | Gained mutation: You expend magic power (3 MP) to
                  | strengthen your wands. [potion of mutation]
  2471 | D:2      | Gained mutation: You tend to lose your temper in combat.
                  | [potion of mutation]
  2471 | D:2      | Gained mutation: Your flesh is heat resistant. (rF+)
                  | [potion of mutation]
  2473 | D:2      | Slain by Terence

Illustrated notes

Levels and vault maps discovered:
D:1:      dpeg_arrival_pits, layout_basic
D:2:      cheibrodos_helix_gallery, layout_basic,
          shapermc_ecumenical_altar_hornbeckon, basic_altar, uniq_terence,
          uniq_robin

Skill      XL: |  1 |
---------------+----+-----
Stealth        | 3 |  3.6
Dodging        | |  2.0
Spellcasting   | |  2.5
Conjurations   | |  1.7
Fire Magic     | |  3.7

Action                   |  1- 3 |  4- 6 || total
-------------------------+-------+-------++-------
Melee: Unarmed           |     9 |     1 ||    10
       Tentacles         |     3 |       ||     3
       Constrict         |     2 |       ||     2
 Cast: Foxfire           |    77 |     7 ||    84
  Use: Scroll            |     2 |       ||     2
       Potion            |       |     4 ||     4
Armor: Skin              |     1 |       ||     1
Dodge: Dodged            |    12 |     3 ||    15

Table legend: (Time is in decaauts)
 A = Elapsed time spent in this place.
 B = Non-inter-level travel time spent in this place.
 C = Inter-level travel time spent in this place.
 D = Time resting spent in this place.
 E = Time spent auto-exploring this place.
 F = Levels seen in this place.
 G = Mean time per level.
                   A        B        C        D        E       F      G
               +--------+--------+--------+--------+--------+-----+--------+
         Total |   2472 |   2438 |     34 |      9 |   2183 |   2 | 1236.0 |
       Dungeon |   2472 |   2438 |     34 |      9 |   2183 |   2 | 1236.0 |
               +--------+--------+--------+--------+--------+-----+--------+

Top non-repeatable levels by time:
     D:1: 1769 daAuts
     D:2: 703 daAuts
